 Dungeon Crawl Stone Soup version 0.28-a0-691-gad6df49e81 (webtiles) character file.

Game seed: 16057534019402204220

449134 Hubris850 the Petrodigitator (level 24, -7/148 HPs)
             Began as a Gargoyle Earth Elementalist on Oct 22, 2021.
             Was the Champion of Vehumet.
             Mangled by a golden dragon (22 damage)
             ... on level 5 of the Vaults on Oct 25, 2021.
             The game lasted 06:14:19 (71270 turns).

Hubris850 the Petrodigitator (GrEE)                Turns: 71270, Time: 06:14:20

Health: -7/148     AC: 33    Str: 26    XL:     24   Next: 26%
Magic:  36/42      EV: 17    Int: 28    God:    Vehumet [******]
Gold:   3351       SH: 12    Dex:  6    Spells: 5/53 levels left

rFire   + . .      SeeInvis +   P - staff of earth
rCold   + + +      Faith    .   v - +3 buckler {rC+ rF+}
rNeg    + + .      Spirit   .   Z - +4 skin of Zhor {*Englaciate rC+++ SInv}
rPois   ∞          Reflect  +   n - +2 hat
rElec   +          Harm     .   q - +2 cloak {Will+}
rCorr   .          Rampage  .   Q - +2 pair of gloves {Str+3}
Will    ++...                   B - +0 pair of boots
Stlth   ++++......              y - amulet of Dux Uvuddime {Reflect rElec Regen+ Str+7 Dex-4 SH+5}
HPRegen 1.34/turn               w - ring "Vuequire" {Fly rN+ Str+4 Int+2}
MPRegen 0.28/turn               d - +4 ring of evasion

@: about to teleport, unable to drink, corroded, flying
A: no potions, sickness immunity, AC +18, big wings, negative energy resistance
1, electricity resistance, torment resistance 1, petrification resistance,
iridescent scales 1, robust 1, weak 1
}: 2/15 runes: serpentine, barnacled
a: Renounce Religion


You were on level 5 of the Vaults.
You worshipped Vehumet.
Vehumet was exalted by your worship.
You visited 7 branches of the dungeon, and saw 40 of its levels.
You visited the Abyss 1 time.
You visited 1 bazaar.
You also visited: Ice Cave and Wizlab.

You collected 6503 gold pieces.
You spent 3152 gold pieces at shops.

Inventory:

Hand Weapons
 b - the +3 flail of the Demagogue {elec, rF++ rC+ Str+2}
   (You found it on level 1 of the Lair of Beasts)

   It occasionally discharges a powerful burst of electricity upon striking a
   foe.
   Str:       It affects your strength (+2).
   rF:        It greatly protects you from fire.
   rC:        It protects you from cold.
 T - the +6 flail "Zozuc Fufa" {chaos, Str+2 Int+2 SInv}
   (You bought it in a shop on level 4 of the Shoals)

   Each time it hits an enemy it has a different, random effect.
   Str:       It affects your strength (+2).
   Int:       It affects your intelligence (+2).
   SInv:      It lets you see invisible.
Armour
 n - a +2 hat (worn)
 q - a +2 cloak of willpower (worn)
 v - a +3 buckler of resistance (worn)
 B - a +0 pair of boots (worn)
 O - the +1 faerie dragon scales {Harm rCorr Str+3}
   (You found it on level 4 of the Depths)

   Str:       It affects your strength (+3).
   rCorr:     It protects you from acid and corrosion.
   Harm:      It increases damage dealt and taken.
 Q - a +2 pair of gloves of strength (worn)
 Z - the +4 skin of Zhor (worn) {*Englaciate rC+++ SInv}
   (You found it on level 6 of the Lair of Beasts)

   It radiates cold, occasionally slowing all nearby creatures who are not
   resistant to cold.
   rC:        It renders you almost immune to cold.
   SInv:      It lets you see invisible.
Magical Staves
 a - a staff of conjuration
 m - a staff of cold
 P - a staff of earth (weapon)
Jewellery
 d - a +4 ring of evasion (right hand)
 h - a ring of the Octopus King {rN+ AC+1 EV+1 Str+1 Int+1 Dex+1}
   (You took it off a merfolk siren on level 4 of the Shoals)

   [ring of positive energy]

   AC:        It affects your AC (+1).
   EV:        It affects your evasion (+1).
   Str:       It affects your strength (+1).
   Int:       It affects your intelligence (+1).
   Dex:       It affects your dexterity (+1).
   rN:        It protects you from negative energy.
 u - the amulet "Ybavih" {Faith rElec rF+}
   (You took it off a merfolk aquamancer on level 4 of the Shoals)

   [amulet of faith]

   It allows you to gain divine favour quickly.
   rF:        It protects you from fire.
   rElec:     It insulates you from electricity.
 w - the ring "Vuequire" (left hand) {Fly rN+ Str+4 Int+2}
   (You found it on level 3 of the Snake Pit)

   [ring of flight]

   Str:       It affects your strength (+4).
   Int:       It affects your intelligence (+2).
   rN:        It protects you from negative energy.
   Fly:       It grants you flight.
 y - the amulet of Dux Uvuddime (around neck) {Reflect rElec Regen+ Str+7 Dex-4 SH+5}
   (You acquired it on level 2 of the Vaults)

   [amulet of reflection]

   It reflects blocked missile attacks.
   Str:       It affects your strength (+7).
   Dex:       It affects your dexterity (-4).
   rElec:     It insulates you from electricity.
   Regen:     It increases your rate of health regeneration.
   SH:        It affects your SH (+5).
 E - a +4 ring of slaying
 S - a ring of ice
Wands
 l - a wand of polymorph (28)
 C - a wand of iceblast (8)
 H - a wand of digging (22)
 J - a wand of mindburst (68)
 W - a wand of acid (13)
 Y - a wand of charming (1)
Scrolls
 c - a scroll of magic mapping
 e - 8 scrolls of fog
 f - a scroll of blinking
 i - 8 scrolls of teleportation
 o - a scroll of brand weapon
 r - 5 scrolls of fear
 s - a scroll of enchant armour
 z - 2 scrolls of summoning
 A - a scroll of holy word
 D - 7 scrolls of enchant weapon
 G - 2 scrolls of silence
 I - a scroll of immolation
 U - 4 scrolls of amnesia
 V - 9 scrolls of identify
Potions
 g - 2 potions of might
 j - 15 potions of curing
 k - 3 potions of cancellation
 p - a potion of heal wounds
 t - 5 potions of brilliance
 x - a potion of resistance
 F - 2 potions of magic
 M - 6 potions of haste
 R - 6 potions of ambrosia
Miscellaneous
 L - a box of beasts
 X - a lightning rod (4/4)


   Skills:
 + Level 9.0 Fighting
 - Level 11.9(14.0) Maces & Flails
 - Level 12.0(14.0) Staves
 + Level 9.0 Armour
 + Level 9.0 Dodging
 - Level 10.0 Stealth
 - Level 4.0 Shields
 - Level 15.0 Spellcasting
 - Level 17.0 Conjurations
 - Level 4.0 Summonings
 - Level 2.0 Transmutations
 - Level 4.0 Fire Magic
 - Level 13.0 Ice Magic
 O Level 27 Earth Magic
 + Level 10.0 Evocations


You had 5 spell levels left.
You knew the following spells:

 Your Spells              Type           Power      Damage    Failure   Level
a - Lehudib's Crystal Sp  Conj/Erth      60%        10d14     1%          8
b - Iron Shot             Conj/Erth      60%        9d11      1%          6
c - Stone Arrow           Conj/Erth      100%       3d13      0%          3
d - Freezing Cloud        Conj/Ice/Air   33%        6-21      1%          5
e - Shatter               Erth           65%        3d48*     1%          9
i - Iskenderun's Battles  Conj           86%        2d13      1%          5
j - Ozocubu's Refrigerat  Ice            38%        4d12      2%          7
k - Fireball              Conj/Fire      34%        3d14      1%          5

Your spell library contained the following spells:

 Spells                   Type           Power      Damage    Failure   Level
 Fire Storm               Conj/Fire      34%        8d9       99%         9
 Magic Dart               Conj           100%       1d8       0%          1
 Sandblast                Erth           100%       2d20      0%          1
 Passwall                 Tmut/Erth      84%        N/A       0%          2
 Searing Ray              Conj           100%       2d8       0%          2
 Foxfire                  Conj/Fire      100%       2x1d9     1%          1
 Shock                    Conj/Air       100%       1d9       1%          1
 Sting                    Tmut/Pois      100%       1d8       1%          1
 Summon Small Mammal      Summ           100%       N/A       1%          1
 Call Imp                 Summ           43%        N/A       1%          2
 Ensorcelled Hibernation  Hex/Ice        100%       N/A       1%          2
 Poisonous Vapours        Pois/Air       42%        N/A       1%          2
 Static Discharge         Conj/Air       62%        N/A       1%          2
 Call Canine Familiar     Summ           43%        N/A       1%          3
 Conjure Flame            Conj/Fire      68%        6-21      1%          3
 Frozen Ramparts          Ice            100%       1d12      1%          3
 Ignite Poison            Fire/Tmut/Pois 32%        N/A       1%          3
 Mephitic Cloud           Conj/Pois/Air  51%        N/A       1%          3
 Ozocubu's Armour         Ice            76%        N/A       1%          3
 Animate Armour           Summ/Erth      100%       N/A       1%          4
 Fulminant Prism          Conj/Hex       31%        3d16      1%          4
 Hailstorm                Conj/Ice       81%        3d16      1%          4
 Ice Form                 Ice/Tmut       58%        N/A       1%          4
 Leda's Liquefaction      Hex/Erth       49%        N/A       1%          4
 Petrify                  Tmut/Erth      100%       N/A       1%          4
 Sticky Flame             Conj/Fire      68%        2d8       1%          4
 Summon Ice Beast         Ice/Summ       62%        N/A       1%          4
 Borgnjor's Vile Clutch   Necr/Erth      49%        N/A       1%          5
 Irradiate                Conj/Tmut      32%        3d24      1%          5
 Lightning Bolt           Conj/Air       31%        1d48      1%          5
 Animate Skeleton         Necr           42%        N/A       2%          1
 Apportation              Tloc           42%        N/A       2%          1
 Pain                     Necr           84%        1d8       2%          1
 Corpse Rot               Necr/Air       42%        N/A       3%          2
 Slow                     Hex            21%        N/A       3%          2
 Metabolic Englaciation   Hex/Ice        27%        N/A       4%          5
 Confusing Touch          Hex            21%        N/A       7%          3
 Portal Projectile        Hex/Tloc       42%        N/A       7%          3
 Swiftness                Air            21%        N/A       7%          3
 Tukima's Dance           Hex            21%        N/A       7%          3
 Vampiric Draining        Necr           10%        2d7       7%          3
 Airstrike                Air            10%        N/A       7%          4
 Olgreb's Toxic Radiance  Pois           21%        N/A       7%          4
 Dispel Undead            Necr           21%        3d11      24%         4
 Blade Hands              Tmut           16%        N/A       28%         5
 Summon Forest            Summ/Tloc      16%        N/A       28%         5
 Alistair's Intoxication  Tmut/Pois      17%        N/A       41%         5
 Spellforged Servitor     Conj/Summ      34%        N/A       7%          7
 Simulacrum               Ice/Necr       27%        N/A       26%         6
 Eringya's Noxious Bog    Tmut/Pois      13%        N/A       50%         6
 Polar Vortex             Ice            38%        N/A       94%         9
 Death Channel            Necr           10%        N/A       98%         6
 Dispersal                Tloc           10%        N/A       98%         6
 Invisibility             Hex            10%        N/A       98%         6
 Monstrous Menagerie      Summ           21%        N/A       98%         7
 Summon Hydra             Summ           21%        N/A       98%         7
 Dragon Form              Tmut           16%        N/A       100%        7
 Haunt                    Necr/Summ      16%        N/A       100%        7
 Malign Gateway           Summ/Tloc      16%        N/A       100%        7
 Borgnjor's Revivificati  Necr           10%        N/A       100%        8
 Disjunction              Tloc           10%        N/A       100%        8
 Maxwell's Capacitive Co  Air            10%        ∞         100%        8
 Necromutation            Tmut/Necr      13%        N/A       100%        8
 Summon Horrible Things   Summ           21%        N/A       100%        8
 Chain Lightning          Conj/Air       31%        3d41      100%        9
 Death's Door             Necr           10%        N/A       100%        9
 Sublimation of Blood     Necr           Unusable   N/A       N/A         2
 Statue Form              Tmut/Erth      Unusable   N/A       N/A         6

Dungeon Overview and Level Annotations

Branches:
Dungeon (15/15)            Temple (0/1) D:6            Lair (6/6) D:10
 Shoals (4/4) Lair:4        Snake (4/4) Lair:3        Slime (0/5) Lair:5
    Orc (2/2) D:9             Elf (0/3) Orc:2        Vaults (5/5) D:13
  Crypt (0/3) Vaults:2     Depths (4/4) D:15            Zot (0/5) Depths:4
  IceCv (visited)          WizLab (visited)

Altars:
Cheibriados
Dithmenos
Kikubaaqudgha
Nemelex Xobeh
Okawaru
Qazlal
Trog
Vehumet
Xom
Beogh

Shops:
D:13 :   Orc:2 (!*(   Shoals:1 !   Shoals:2 [   Shoals:4 (   Snake:3 *!=?[*
Vaults:2 =*!   Depths:1 [   Depths:4 :==

Portals:
Hell: Depths:1 Depths:2 Depths:3 Depths:4
Abyss: Depths:3
Pandemonium: Depths:2 Depths:3
Ziggurat: Depths:1

Annotations:
Lair:2 2 transporters, Ruiv's ghost, journeyman GrDe
Depths:4 1 runed translucent door, Kunuk's ghost, veteran MiFi


Innate Abilities, Weirdness & Mutations

You cannot drink.
You are immune to sickness and miasma.
Your stone body is resilient. (AC +18)
You are immune to poison.
Your large and strong wings let you fly.
You resist negative energy. (rN+)
You are resistant to electric shocks. (rElec)
You are resistant to unholy torment.
You are immune to petrification.
You are partially covered in iridescent scales. (AC +2)
You are robust. (+10% HP)
You are weak. (Str -2)


Message History

You feel your power returning.
The purple very ugly thing is no longer moving slowly.
You block the frost giant's attack.
The purple very ugly thing punches you but does no damage.
Casting: Iron Shot (safe; 1% risk of failure)
Confirm with . or Enter, or press ? or * to list all spells.
Aiming: Iron Shot (safe; 1% risk of failure)
Press: ? - help, Shift-Dir - straight line, f - golden dragon
Aim: a golden dragon (heavily wounded, 88% to hit)
You feel a surge of power!
The iron shot hits the golden dragon!!!
The golden dragon is severely wounded.
The sphinx is no longer moving slowly.
The frost giant casts a spell at you. The bolt of cold hits you! You resist.
A vault warden comes into view. It is wielding a +0 war axe.
The golden dragon breathes cold at you. The bolt of cold misses you.
The purple very ugly thing punches you!!
* * * LOW HITPOINT WARNING * * *
You hear a shout!
You radiate an aura of cold.
The golden dragon is unaffected.
The frost giant is unaffected.
The purple very ugly thing resists.
The sphinx resists.
The vault warden resists.
The frost giant gestures at you while chanting.
The bolt of cold hits you. You resist.
* * * LOW HITPOINT WARNING * * *
You block the golden dragon's attack.
The golden dragon claws you but does no damage.
The golden dragon tramples you!
* * * LOW HITPOINT WARNING * * *
You are shoved backwards!
You stop ascending the stairs.
Unknown command.
As you read the scroll of teleportation, it crumbles to dust.
You feel strangely unstable. The frost giant casts a spell at you.
The bolt of cold hits you! You resist.
* * * LOW HITPOINT WARNING * * *
The vault warden activates a sealing rune.
The golden dragon bites you!!
You die...

#......#...
##.#....#p.#
#...........
...[....[..
#####..[.[H...#
.......[[([...[
......[[<<.[...
^...[[[Du.<[.[.
...)..)@C<..[..
#####[.[[[.[...
#([.[[[.....
#.#.#........
#.#.##........
##.# #....#...
.# #....#... ##
#....# ..


You could see a golden dragon (catching breath), a frost giant, a purple very
ugly thing, a sphinx and a vault warden.

Vanquished Creatures
  Mara (Vaults:2)
  A juggernaut (Depths:2)
  A shard shrike (IceCv)
  Boris (Vaults:4)
  Saint Roka (Vaults:2)
  4 caustic shrikes (Depths:3)
  Nikola (Vaults:3)
  A golden dragon (Depths:2)
  3 bone dragons
  5 tentacled monstrosities
  3 hellephants (Depths:2)
  5 liches
  A quicksilver dragon (Depths:2)
  Mlioglotl (Shoals:4)
  3 deep elf master archers (WizLab)
  2 tentacled starspawn (Abyss:2)
  4 krakens (Shoals:1)
  4 sphinxes
  Kirke (Snake:2)
  Polyphemus (Shoals:3)
  3 thorn hunters (WizLab)
  Agnes (D:15)
  7 tengu reavers
  A draconian monk (Depths:4)
  4 nagarajas
  Donald (Shoals:3)
  An azure jelly (Snake:1)
  4 storm dragons
  Ilsuiw (Shoals:4)
  3 fenstrider witches (WizLab)
  A deep elf sorcerer (Depths:3)
  7 fire giants
  3 iron dragons
  10 frost giants
  3 orc warlords
  3 balrugs
  Louise (Snake:2)
  11 vault wardens
  4 spriggan defenders
  18 very ugly things
  11 ironbound preservers
  6 stone giants
  2 war gargoyles (Vaults:4)
  3 vampire knights (Depths:2)
  A white draconian (IceCv)
  6 dire elephants
  A purple draconian (Depths:4)
  An eidolon (Vaults:2)
  An entropy weaver (Vaults:4)
  3 red draconians (Depths:4)
  Azrael (Snake:2)
  5 spark wasps
  A crystal guardian (Vaults:4)
  9 merfolk javelineers
  12 merfolk impalers
  2 jiangshi (Depths:3)
  8 ettins
  11 fire dragons
  3 shambling mangroves (WizLab)
  10 yaktaur captains
  5 great orbs of eyes
  5 ironbound thunderhulks
  Fannar (Lair:3)
  7 naga warriors
  25 vault guards (Vaults:5)
  3 salamander tyrants (Snake:4)
  12 hydras
  9 ice dragons
  4 boulder beetles
  5 merfolk avatars
  4 spriggan air magi
  A rakshasa (Depths:2)
  An ogre mage (Vaults:4)
  3 peacekeepers (Vaults:4)
  A catoblepas (Shoals:3)
  12 ironbound frosthearts
  Erica (D:8)
  6 satyrs
  12 two-headed ogres
  9 centaur warriors
  15 anacondas
  A two-headed ogre (shapeshifter) (D:9)
  9 merfolk aquamancers
  An alligator snapping turtle (Shoals:4)
  10 deep troll shamans
  4 orc high priests (Orc:2)
  5 deep troll earth magi
  14 naga sharpshooters
  4 death yaks
  4 tengu warriors (D:15)
  12 spriggan berserkers
  4 hell hogs (Depths:2)
  3 vampire magi
  10 shock serpents
  A titan zombie (Depths:1)
  3 spriggans
  A wretched star (Abyss:2)
  13 iron trolls
  8 salamander mystics
  A hell knight (Depths:2)
  A deep troll (shapeshifter) (Depths:4)
  2 flayed ghosts (Depths:2)
  48 deep trolls
  13 sea snakes
  10 naga ritualists
  An anaconda zombie (Abyss:2)
  4 glowing orange brains
  An orange crystal statue (IceCv)
  3 deep elf archers (WizLab)
  11 ironbound convokers
  10 lindwurms
  2 phantasmal warriors
  18 harpies
  7 wizards
  11 orc knights
  3 necromancers
  5 oklob plants
  6 orc sorcerers
  3 deep elf pyromancers
  A fire giant zombie (Depths:1)
  A frost giant zombie (Vaults:3)
  14 manticores
  14 mana vipers
  10 cyclopes
  26 fauns
  54 ugly things
  Maurice (D:9)
  13 salamanders
  3 elephants
  A black mamba (shapeshifter) (D:13)
  35 black mambas
  2 water nymphs (shapeshifter)
  8 merfolk sirens
  Joseph (D:7)
  10 cane toads
  3 molten gargoyles (Lair:6)
  10 guardian serpents
  9 water nymphs
  An orange demon (Abyss:2)
  4 gargoyles
  14 vault sentinels
  14 naga magi
  Maggie (D:8)
  2 torpor snails (Lair:6)
  An unseen horror (D:11)
  24 rime drakes
  26 yaktaurs
  3 efreet
  8 komodo dragons
  4 tengu conjurers
  6 freezing wraiths
  A queen bee (Lair:3)
  A yaktaur skeleton (Vaults:4)
  18 polar bears
  3 wind drakes
  6 trolls
  56 merfolk
  Grinder (D:3)
  25 blink frogs
  7 hornets
  4 raiju (Abyss:2)
  11 snapping turtles
  14 dream sheep
  53 slime creatures
  A stone giant simulacrum (Vaults:1)
  2 redbacks (Vaults:4)
  A flying skull (Abyss:2)
  2 shadows
  2 ettin skeletons
  13 water elementals
  3 fire elementals (Snake:2)
  A vampire (D:12)
  3 wraiths
  3 wyverns
  5 hogs (Snake:2)
  17 yaks
  17 basilisks
  A hog (shapeshifter) (D:13)
  A steam dragon (D:8)
  6 vampire mosquitoes
  4 large abominations (Abyss:2)
  6 wargs
  A human simulacrum (Vaults:3)
  24 nagas
  3 acid dragons
  9 hell hounds
  A human zombie (Vaults:4)
  13 water moccasins
  2 sky beasts
  44 orc warriors
  3 ice beasts (Vaults:1)
  2 black bears
  5 starcursed masses (Abyss:2)
  10 ogres
  An ettin simulacrum (Vaults:3)
  6 wolves (Lair:5)
  3 centaurs
  A phantom (D:7)
  2 human skeletons (Vaults:3)
  A kobold brigand (D:8)
  Blork the orc (D:6)
  A gnoll sergeant (D:8)
  A wyvern zombie (D:7)
  14 bullfrogs
  A scorpion (D:5)
  A small abomination (Abyss:2)
  2 water moccasin skeletons
  32 killer bees
  A wight (D:10)
  14 howler monkeys
  5 electric eels
  4 centaur zombies (D:9)
  5 lava snakes (Lair:6)
  26 orc priests
  3 hounds
  3 gnoll shamans
  A centaur skeleton (D:6)
  A bullfrog skeleton (D:6)
  4 iguanas
  15 orc wizards
  17 gnolls
  6 adders
  3 white imps
  3 ufetubi
  2 adder skeletons (D:4)
  A worm (D:2)
  A dart slug (D:13)
  99 orcs
  8 ball pythons
  6 endoplasms
  5 giant cockroaches
  7 goblins
  11 hobgoblins
  8 jackals (D:5)
  8 kobolds
  7 quokkas
  9 bats
  4 frilled lizards
  8 rats
  13 tentacles (Shoals:1)
1740 creatures vanquished.

Vanquished Creatures (collateral kills)
  An ironbound preserver (Vaults:4)
  2 vault guards (Vaults:4)
  A vault sentinel (Vaults:4)
  A slime creature (Vaults:2)
  A centaur (D:10)
  A worm (D:2)
  An orc (D:10)
  A goblin (D:2)
  A bat (D:2)
10 creatures vanquished.

Vanquished Creatures (others)
  the Enchantress (Depths:4)
  A very ugly thing (Depths:1)
  An orc warrior (Vaults:2)
  2 bushes
  29 foxfires
  14 fungi
  326 plants
  6 starspawn tentacles (Abyss:2)
  7 tentacles (Shoals:1)
387 creatures vanquished.

Grand Total: 2137 creatures vanquished

Notes
Turn   | Place    | Note
-------+----------+-------------------------------------------
     0 | D:1      | Hubris850 the Gargoyle Earth Elementalist began the quest
                  | for the Orb.
     0 | D:1      | Reached XP level 1. HP: 10/10 MP: 3/3
   400 | D:1      | Reached XP level 2. HP: 12/15 MP: 5/5
   484 | D:1      | Reached skill level 1 in Transmutations
  1111 | D:1      | Reached XP level 3. HP: 17/19 MP: 4/6
  2042 | D:2      | Reached skill level 1 in Conjurations
  2090 | D:2      | Reached skill level 4 in Earth Magic
  2238 | D:2      | Reached XP level 4. HP: 23/24 MP: 7/7
  2270 | D:2      | Reached skill level 1 in Evocations
  2588 | D:3      | Learned a level 2 spell: Passwall
  2592 | D:3      | Learned a level 3 spell: Stone Arrow
  3174 | D:3      | Noticed a sky beast
  3238 | D:3      | Killed a sky beast
  3239 | D:3      | Reached skill level 1 in Staves
  3239 | D:3      | Reached XP level 5. HP: 6/28 MP: 1/8
  3622 | D:3      | Learned a level 2 spell: Searing Ray
  3863 | D:3      | Noticed Grinder
  3882 | D:3      | Paralysed by Grinder for 3 turns
  3897 | D:3      | Killed Grinder
  3898 | D:3      | Reached XP level 6. HP: 29/32 MP: 0/10
  4487 | D:4      | Reached XP level 7. HP: 36/36 MP: 8/11
  4900 | D:4      | Found an ancient bone altar of Kikubaaqudgha.
  4903 | D:4      | Found a bloodstained altar of Trog.
  4906 | D:4      | Found a radiant altar of Vehumet.
  4910 | D:4      | Became a worshipper of Vehumet
  6231 | D:5      | Entered Level 5 of the Dungeon
  6551 | D:5      | Reached XP level 8. HP: 32/41 MP: 5/13
  6794 | D:5      | Reached * piety under Vehumet
  6794 | D:5      | Offered knowledge of Foxfire by Vehumet.
  6797 | D:5      | Learned a level 1 spell: Foxfire
  7887 | D:6      | Noticed Blork the orc
  7895 | D:6      | Killed Blork the orc
  8238 | D:6      | Noticed a yak
  8248 | D:6      | Noticed a yak
  8250 | D:6      | Noticed a yak
  8250 | D:6      | Noticed a yak
  8490 | D:5      | Killed a yak
  8491 | D:5      | Reached skill level 5 in Conjurations
  8587 | D:5      | Killed a yak
  8588 | D:5      | Reached skill level 5 in Spellcasting
  8659 | D:6      | Killed a yak
  8660 | D:6      | Reached skill level 5 in Staves
  8660 | D:6      | Reached XP level 9. HP: 45/45 MP: 6/16
  8845 | D:6      | Found a staircase to the Ecumenical Temple.
  9249 | D:7      | Noticed a gargoyle
  9334 | D:7      | Killed a gargoyle
  9448 | D:7      | Identified the +1 leather armour of Boredom {Dex+3}
  9529 | D:7      | Found a snail-covered altar of Cheibriados.
  9900 | D:7      | Noticed Joseph
  9920 | D:7      | Killed Joseph
 10564 | D:8      | Noticed Maggie
 10572 | D:8      | Killed Maggie
 10573 | D:8      | Reached XP level 10. HP: 23/50 MP: 7/17
 10724 | D:8      | Noticed a centaur warrior
 10729 | D:8      | Killed a centaur warrior
 10730 | D:8      | Reached skill level 10 in Staves
 11090 | D:8      | Noticed Erica
 11096 | D:8      | Killed Erica
 11270 | D:8      | Reached ** piety under Vehumet
 11270 | D:8      | Offered knowledge of Static Discharge by Vehumet.
 11579 | D:8      | Found an iron altar of Okawaru.
 11757 | D:9      | Noticed Maurice
 11765 | D:9      | Killed Maurice
 11818 | D:9      | Noticed a boulder beetle
 11867 | D:9      | Killed a boulder beetle
 11868 | D:9      | Reached skill level 1 in Fighting
 12183 | D:9      | Noticed a two-headed ogre
 12191 | D:9      | Killed a two-headed ogre
 12192 | D:9      | Reached skill level 5 in Evocations
 12192 | D:9      | Reached XP level 11. HP: 60/60 MP: 16/18
 12332 | D:9      | Found a staircase to the Orcish Mines.
 12419 | D:9      | Noticed a two-headed ogre
 12430 | D:9      | Killed a two-headed ogre
 12582 | D:9      | Noticed a two-headed ogre
 12592 | D:9      | Killed a two-headed ogre
 12593 | D:9      | Reached skill level 5 in Fighting
 12770 | D:9      | Reached skill level 5 in Dodging
 12970 | D:9      | Noticed a manticore
 12986 | D:9      | Noticed a deep troll
 12986 | D:9      | a manticore changed into a deep troll
 12995 | D:9      | Noticed a two-headed ogre
 12995 | D:9      | a deep troll changed into a two-headed ogre
 13001 | D:9      | Killed a two-headed ogre
 13089 | D:9      | Offered knowledge of Mephitic Cloud by Vehumet.
 13094 | D:9      | Learned a level 3 spell: Mephitic Cloud
 13098 | D:9      | Learned a level 3 spell: Frozen Ramparts
 13103 | D:9      | Learned a level 4 spell: Summon Ice Beast
 13122 | D:9      | Noticed a manticore
 13126 | D:9      | Killed a manticore
 13127 | D:9      | Reached skill level 1 in Ice Magic
 13169 | D:9      | Noticed a stone giant
 13178 | D:9      | Killed a stone giant
 13690 | D:9      | Noticed a two-headed ogre
 13700 | D:9      | Killed a two-headed ogre
 13701 | D:9      | Reached skill level 5 in Ice Magic
 13701 | D:9      | Reached XP level 12. HP: 62/70 MP: 14/19
 13763 | D:10     | Entered Level 10 of the Dungeon
 13847 | D:10     | Found a large runed translucent door.
 13848 | D:10     | Found a large runed translucent door.
 14071 | D:10     | Reached skill level 1 in Summonings
 14170 | D:10     | Reached *** piety under Vehumet
 14429 | D:10     | Found a staircase to the Lair.
 14629 | D:10     | Found a shadowy altar of Dithmenos.
 14632 | D:10     | Found a stormy altar of Qazlal.
 14693 | D:11     | Noticed a four-headed hydra
 14706 | D:11     | Killed a four-headed hydra
 14798 | D:11     | Noticed a two-headed ogre
 14801 | D:11     | Killed a two-headed ogre
 14859 | D:11     | Offered knowledge of Hailstorm by Vehumet.
 14971 | D:11     | You fall into a shaft and drop 2 floors!
 15136 | D:11     | Learned a level 4 spell: Hailstorm
 16688 | D:12     | Noticed a six-headed hydra
 16694 | D:12     | Killed a six-headed hydra
 16874 | Lair:1   | Entered Level 1 of the Lair of Beasts
 16874 | Lair:1   | Noticed a five-headed hydra
 16879 | Lair:1   | Killed a five-headed hydra
 17047 | Lair:1   | Reached skill level 5 in Earth Magic
 17083 | Lair:1   | Reached **** piety under Vehumet
 17086 | Lair:1   | Reached XP level 13. HP: 19/74 MP: 24/25
 17558 | Lair:1   | Identified the +3 flail of the Demagogue {elec, rF++ rC+
                  | Str+2}
 17990 | Lair:2   | Reached skill level 6 in Earth Magic
 18025 | Lair:2   | Found a transporter.
 18025 | Lair:2   | Noticed Ruiv's ghost (journeyman GrDe)
 18039 | Lair:2   | Found a transporter.
 19099 | Lair:3   | Found a staircase to the Snake Pit.
 19117 | Lair:3   | Offered knowledge of Flame Wave by Vehumet.
 19179 | Lair:3   | Reached skill level 7 in Earth Magic
 19380 | Lair:3   | Noticed Fannar
 19391 | Lair:3   | Killed Fannar
 19518 | Lair:3   | Learned a level 5 spell: Iskenderun's Battlesphere
 19763 | Lair:3   | Reached ***** piety under Vehumet
 20082 | Lair:4   | Found a staircase to the Shoals.
 20144 | Lair:4   | Offered knowledge of Ozocubu's Refrigeration by Vehumet.
 20239 | Lair:4   | Reached skill level 10 in Spellcasting
 21107 | Lair:5   | Gained mutation: Your large and strong wings let you fly.
                  | [Gargoyle growth]
 21107 | Lair:5   | Reached XP level 14. HP: 80/80 MP: 24/29
 21115 | Lair:5   | Learned a level 7 spell: Ozocubu's Refrigeration
 21185 | Lair:5   | Found a staircase to the Slime Pits.
 21359 | Lair:5   | Reached skill level 8 in Earth Magic
 21790 | Lair:6   | Entered Level 6 of the Lair of Beasts
 22170 | Lair:6   | Found the +4 skin of Zhor {*Englaciate rC+++ SInv}
 22228 | Lair:6   | Reached skill level 9 in Earth Magic
 22739 | Lair:6   | Reached skill level 10 in Conjurations
 22888 | Lair:6   | Offered knowledge of Eringya's Noxious Bog by Vehumet.
 23088 | Lair:6   | Found a large runed translucent door.
 23088 | Lair:6   | Found a large runed translucent door.
 23926 | D:13     | Found a gate to the Vaults.
 24521 | D:13     | Found Jeacsaf's Book Boutique.
 25058 | D:13     | Found a shimmering altar of Xom.
 25966 | D:14     | Reached XP level 15. HP: 84/84 MP: 21/31
 26373 | D:14     | Reached skill level 10 in Ice Magic
 26948 | D:15     | Entered Level 15 of the Dungeon
 27695 | D:15     | Offered knowledge of Fireball by Vehumet.
 27702 | D:15     | Learned a level 5 spell: Fireball
 27800 | D:15     | Noticed Agnes
 27805 | D:15     | Killed Agnes
 27982 | D:15     | Reached skill level 1 in Fire Magic
 28458 | D:15     | Paralysed by a great orb of eyes for 5 turns
 28867 | D:15     | Found a staircase to the Depths.
 29016 | Orc:1    | Entered Level 1 of the Orcish Mines
 29658 | Orc:2    | Entered Level 2 of the Orcish Mines
 30009 | Orc:2    | Offered knowledge of Starburst by Vehumet.
 30342 | Orc:2    | Found Itafiot's Weapon Emporium.
 30388 | Orc:2    | Found Firussi's Distillery.
 31104 | Orc:2    | Reached XP level 16. HP: 88/88 MP: 27/32
 31470 | Orc:2    | Found Yrerumolu's Antique Weapon Boutique.
 31472 | Orc:2    | Offered knowledge of Yara's Violent Unravelling by Vehumet.
 31527 | Orc:2    | Found Daetazyn's General Store.
 32017 | Orc:2    | Found a staircase to the Elven Halls.
 32184 | Shoals:1 | Entered Level 1 of the Shoals
 32397 | Shoals:1 | Found Byhual's Distillery.
 32700 | Shoals:1 | Noticed a kraken
 32705 | Shoals:1 | Killed a kraken
 32793 | Shoals:1 | Noticed a kraken
 32797 | Shoals:1 | Killed a kraken
 32838 | Shoals:1 | Found a runed translucent door.
 32874 | Shoals:1 | Noticed a kraken
 32890 | Shoals:1 | Reached skill level 1 in Armour
 32894 | Shoals:1 | Killed a kraken
 32969 | Shoals:1 | Gained mutation: You are robust. (+10% HP) [potion of
                  | mutation]
 32969 | Shoals:1 | Gained mutation: You are partially covered in iridescent
                  | scales. (AC +2) [potion of mutation]
 32969 | Shoals:1 | Gained mutation: You are weak. (Str -2) [potion of
                  | mutation]
 32972 | Shoals:1 | Identified a scroll of acquirement
 32972 | Shoals:1 | Acquired a staff of cold
 33870 | Shoals:1 | Reached skill level 5 in Stealth
 33961 | Shoals:1 | Noticed a kraken
 33969 | Shoals:1 | Killed a kraken
 34830 | Shoals:2 | Offered knowledge of Lightning Bolt by Vehumet.
 34838 | Shoals:2 | Learned a level 6 spell: Iron Shot
 35063 | Shoals:2 | Found Madwenif's Antique Armour Shop.
 35069 | Shoals:2 | Bought a warped robe for 171 gold pieces
 35069 | Shoals:2 | Identified the +1 robe of Paddusimn {Int+4 Dex+3} (You
                  | bought it in a shop on level 2 of the Shoals)
 35087 | Shoals:2 | Acquired 1111 gold pieces
 35179 | Shoals:2 | Reached skill level 5 in Armour
 35443 | Shoals:2 | Reached XP level 17. HP: 89/105 MP: 32/34
 36173 | Shoals:3 | Reached skill level 10 in Earth Magic
 36820 | Shoals:3 | Identified the +5 kite shield "Puelyeg" {Rampage rPois rC-
                  | Regen+}
 36820 | Shoals:3 | Noticed Donald
 36823 | Shoals:3 | Killed Donald
 37024 | Shoals:3 | Reached skill level 11 in Earth Magic
 37379 | Shoals:4 | Entered Level 4 of the Shoals
 37587 | Shoals:4 | Noticed Polyphemus
 37814 | Shoals:3 | Killed Polyphemus
 37915 | Shoals:4 | Offered knowledge of Ignition by Vehumet.
 38229 | Shoals:4 | Reached skill level 12 in Earth Magic
 38812 | Shoals:4 | Found the ring of the Octopus King {rN+ AC+1 EV+1 Str+1
                  | Int+1 Dex+1}
 39266 | Shoals:4 | Reached skill level 13 in Earth Magic
 39276 | Shoals:4 | Noticed Ilsuiw
 39354 | Shoals:4 | Killed Ilsuiw
 39614 | Shoals:4 | Found Futhauck's Antique Weapon Boutique.
 39625 | Shoals:4 | Bought a jewelled flail for 212 gold pieces
 39625 | Shoals:4 | Identified the +6 flail "Zozuc Fufa" {chaos, Str+2 Int+2
                  | SInv} (You bought it in a shop on level 4 of the Shoals)
 39635 | Shoals:4 | Identified the amulet "Ybavih" {Faith rElec rF+}
 39638 | Shoals:4 | Got a barnacled rune of Zot
 39659 | Shoals:4 | Reached skill level 15 in Conjurations
 39679 | Shoals:4 | Identified the +5 short sword of the Firefly {protect,
                  | Will- rCorr Str+7 Dex+4}
 39686 | Shoals:4 | Reached XP level 18. HP: 111/111 MP: 23/35
 39853 | Shoals:4 | Noticed Mlioglotl
 39859 | Shoals:4 | Killed Mlioglotl
 40186 | Shoals:4 | Reached skill level 14 in Earth Magic
 40718 | Snake:1  | Entered Level 1 of the Snake Pit
 40808 | Snake:1  | Found a frozen archway.
 40815 | IceCv    | Entered an ice cave
 40861 | IceCv    | Reached ****** piety under Vehumet
 41516 | IceCv    | Offered knowledge of Lehudib's Crystal Spear by Vehumet.
 41516 | IceCv    | Offered knowledge of Fire Storm by Vehumet.
 41516 | IceCv    | Offered knowledge of Shatter by Vehumet.
 41879 | IceCv    | Noticed a shard shrike
 42109 | IceCv    | Killed a shard shrike
 42110 | IceCv    | Reached skill level 15 in Earth Magic
 42303 | IceCv    | Identified the +2 steam dragon scales "Ytuil" {Will+}
 42851 | Snake:1  | Reached skill level 16 in Earth Magic
 43814 | Snake:2  | Noticed Louise
 43814 | Snake:2  | Cast into level 2 of the Abyss (Louise)
 43834 | Abyss:2  | Noticed a bone dragon
 43840 | Abyss:2  | Killed a bone dragon
 43882 | Abyss:2  | Noticed a Hell Sentinel
 44022 | Abyss:2  | Noticed a lich
 44027 | Abyss:2  | Killed a lich
 44105 | Abyss:2  | Noticed a bone dragon
 44125 | Abyss:2  | Killed a bone dragon
 44135 | Snake:2  | Escaped the Abyss
 44138 | Snake:2  | Killed Louise
 44351 | Snake:2  | Noticed Azrael
 44353 | Snake:2  | Reached skill level 17 in Earth Magic
 44353 | Snake:2  | Reached XP level 19. HP: 98/115 MP: 34/36
 44353 | Snake:2  | Killed Azrael
 44354 | Snake:2  | Reached skill level 1 in Maces & Flails
 44369 | Snake:2  | You are sucked into a shaft and drop 1 floor!
 44752 | Snake:2  | Noticed Kirke
 44757 | Snake:2  | Killed Kirke
 45318 | Snake:3  | Identified the ring "Vuequire" {Fly rN+ Str+4 Int+2}
 45429 | Snake:3  | Identified the +1 pair of gloves of Elaojur {-Cast rElec
                  | rN++ Str+3}
 45541 | Snake:3  | Found Lick's General Store.
 45543 | Snake:3  | Found Eklyimu's Armour Shop.
 45543 | Snake:3  | Found Viggei's Magic Scroll Emporium.
 45552 | Snake:3  | Found Dupp's Jewellery Emporium.
 45552 | Snake:3  | Found Kiengun's Assorted Antiques.
 45553 | Snake:3  | Found Juggasm's Distillery.
 46038 | Snake:4  | Entered Level 4 of the Snake Pit
 46168 | Snake:4  | Reached skill level 5 in Maces & Flails
 47817 | Snake:4  | Reached XP level 20. HP: 119/122 MP: 38/38
 47826 | Snake:4  | Got a serpentine rune of Zot
 48348 | Vaults:1 | Entered Level 1 of the Vaults
 48742 | Vaults:1 | Learned a level 8 spell: Lehudib's Crystal Spear
 52266 | Vaults:2 | Found Sinlishru's General Store.
 52394 | Vaults:2 | Found Sosopt's Distillery.
 52498 | Vaults:2 | Noticed Mara
 52504 | Vaults:2 | Noticed Hubris850's illusion
 52505 | Vaults:2 | Killed Mara
 52506 | Vaults:2 | Reached skill level 10 in Maces & Flails
 52506 | Vaults:2 | Reached skill level 10 in Evocations
 53184 | Vaults:2 | Noticed Saint Roka
 53493 | Vaults:2 | Killed Saint Roka
 53494 | Vaults:2 | Reached skill level 1 in Shields
 53494 | Vaults:2 | Reached XP level 21. HP: 119/127 MP: 15/39
 53547 | Vaults:2 | Found a staircase to the Crypt.
 53569 | Vaults:2 | Found Pekaoz's Jewellery Boutique.
 53689 | Vaults:2 | Reached skill level 10 in Stealth
 54584 | Vaults:2 | Acquired the amulet of Dux Uvuddime {Reflect rElec Regen+
                  | Str+7 Dex-4 SH+5}
 54875 | Snake:3  | Bought 2 scrolls of acquirement for 1144 gold pieces
 54875 | Snake:3  | Acquired a +2 pair of gloves of strength
 54882 | Snake:3  | Acquired 1178 gold pieces
 55478 | Vaults:3 | Noticed Nikola
 55484 | Vaults:3 | Killed Nikola
 55535 | Vaults:3 | Found a flickering gateway to a bazaar.
 55545 | Bazaar   | Entered a bazaar
 55556 | Bazaar   | Found Foapenow's Antique Armour Emporium.
 55564 | Bazaar   | Bought pearl-encrusted quicksilver dragon scales for 1625
                  | gold pieces
 55564 | Bazaar   | Identified the quicksilver dragon scales of Gluttony {Will+
                  | Dex+4} (You bought it in a shop in a bazaar)
 55599 | Bazaar   | Found Taxzitie's Armour Boutique.
 55627 | Bazaar   | Found Bucvoedo's Assorted Antiques.
 55636 | Bazaar   | Found Biryuvou's Antique Armour Shop.
 55847 | Vaults:3 | Found a magical portal.
 55864 | WizLab   | Entered Eringya's Formal Garden
 56817 | WizLab   | Found a blossoming altar of Fedhas.
 57112 | WizLab   | Got Sif Muna's Grimoire of Companions
 57451 | WizLab   | Learned a level 5 spell: Freezing Cloud
 58677 | Vaults:3 | Identified the +8 tower shield of the Known World {rElec
                  | rPois Int+2}
 59349 | Vaults:4 | Paralysed by a sphinx for 3 turns
 59406 | Vaults:4 | Reached skill level 18 in Earth Magic
 59849 | Vaults:4 | Reached XP level 22. HP: 137/137 MP: 12/40
 60640 | Vaults:4 | Reached skill level 15 in Spellcasting
 60909 | Vaults:4 | Noticed Boris
 60914 | Vaults:4 | Killed Boris
 61788 | Depths:1 | Entered Level 1 of the Depths
 61810 | Depths:1 | Found a sparkling altar of Nemelex Xobeh.
 61862 | Depths:1 | Reached skill level 19 in Earth Magic
 62135 | Depths:1 | Reached skill level 20 in Earth Magic
 62814 | Depths:1 | Found a gateway to a ziggurat.
 63035 | Depths:1 | Found a gateway to Hell.
 63319 | Depths:1 | Reached skill level 21 in Earth Magic
 64204 | Depths:2 | Learned a level 9 spell: Shatter
 64269 | Depths:2 | Reached skill level 22 in Earth Magic
 64409 | Depths:2 | Noticed a golden dragon
 64719 | Depths:2 | Noticed a juggernaut
 64723 | Depths:2 | Killed a juggernaut
 64724 | Depths:2 | Reached XP level 23. HP: 113/141 MP: 15/42
 65329 | Depths:2 | Reached skill level 23 in Earth Magic
 65404 | Depths:2 | Found a one-way gate leading to the halls of Pandemonium.
 65669 | Depths:2 | Killed a golden dragon
 67128 | Depths:3 | Reached skill level 24 in Earth Magic
 67307 | Depths:3 | Found a bloodstained altar of Trog.
 67533 | Depths:3 | Identified the +9 glaive of the Four Visions {vorpal, rPois
                  | Str+4}
 67573 | Depths:3 | Found a one-way gate to the infinite horrors of the Abyss.
 67872 | Depths:3 | Noticed a caustic shrike
 67993 | Depths:3 | Killed a caustic shrike
 68245 | Depths:3 | Got Sif Muna's Catalogue of Clay
 68286 | Depths:4 | Entered Level 4 of the Depths
 68356 | Depths:4 | Noticed the Enchantress
 68366 | Depths:4 | Killed the Enchantress
 68528 | Depths:4 | Noticed a caustic shrike
 68530 | Depths:4 | Noticed a caustic shrike
 68532 | Depths:4 | Reached skill level 25 in Earth Magic
 68532 | Depths:4 | Noticed a caustic shrike
 68678 | Depths:3 | Killed a caustic shrike
 68682 | Depths:3 | Killed a caustic shrike
 68808 | Depths:3 | Killed a caustic shrike
 69207 | Depths:4 | Identified the +2 hand axe "Ostirph" {vorpal, rElec rF+
                  | Dex+3}
 69350 | Depths:4 | Found Duron's Book Emporium.
 69350 | Depths:4 | Found Xesh's Jewellery Boutique.
 69351 | Depths:4 | Found Tiamolo's Jewellery Boutique.
 69629 | Depths:4 | Reached skill level 26 in Earth Magic
 69876 | Depths:4 | Found a gate to the Realm of Zot.
 69952 | Depths:4 | Found a runed translucent door.
 69954 | Depths:4 | Found a shimmering altar of Xom.
 69954 | Depths:4 | Noticed Kunuk's ghost (veteran MiFi)
 70469 | Depths:4 | Reached XP level 24. HP: 148/148 MP: 31/42
 71105 | Vaults:5 | Entered Level 5 of the Vaults
 71267 | Vaults:5 | Reached skill level 27 in Earth Magic
 71270 | Vaults:5 | Mangled by a golden dragon

Illustrated notes

Levels and vault maps discovered:
D:1:      roderic_octagonal_star, layout_basic, serial_glass, glass_columns_a,
          glass_columns_c, feat_on_display, item_on_display_a,
          minmay_strange_pillars
D:2:      layout_rooms, minmay_between
D:3:      cheibrodos_old_hovel, layout_basic, serial_corexii_hall,
          chequers_hall_statues_y, corexii_hall_statues_l, uniq_grinder
D:4:      layout_layer_cave, grunt_temple_overflow_diamond, minmay_starry_boxes
D:5:      layout_basic, chequers_serial_rivers_micro_c, serial_bayou_lagoon_a,
          kennysheep_generic_room_12
D:6:      layout_basic, temple_pool_b, hex_medium, uniq_blork_the_orc
D:7:      layout_loops_cross, kennysheep_mini_moat, uniq_joseph
D:8:      layout_cave_pods, lemuel_round_altar, uniq_maggie, uniq_erica
D:9:      nzn_winding_woodlands_medium [nzn_winding_woodlands_hourglass,
          nzn_winding_woodlands_5x15_default,
          nzn_winding_woodlands_5x5_closed_star,
          nzn_winding_woodlands_5x5_checkerboard,
          nzn_winding_woodlands_center_pierced_h,
          nzn_winding_woodlands_5x5_three, nzn_winding_woodlands_5x5_open_star,
          nzn_winding_woodlands_5x15_sidewinder,
          nzn_winding_woodlands_5x5_default], layout_cave_pools, orc_0_dummy,
          uniq_maurice
D:10:     layout_roguey, jmf_multi_god_temple2, dpeg_oklobed_lair
D:11:     layout_stronghold
D:12:     layout_roguey
D:13:     layout_roguey, david_vaults_4, serial_shops,
          nicolae_shop_behind_doors, kennysheep_minor_cross, tgw_xom
D:14:     layout_irregular_city, serial_park_paths [serial_park_minivault_5x5_2]
D:15:     gammafunk_enter_depths_forms, layout_basic,
          chequers_serial_rivers_small_3, uniq_agnes
Lair:1:   layout_chaotic_city, small_statue_intersection, serial_bayou_lagoon_b
Lair:2:   layout_roguey, serial_forest, infiniplex_forest_straight_2,
          infiniplex_forest_clump_diagonal, infiniplex_forest_straight_4,
          infiniplex_forest_straight_1, infiniplex_forest_lined_room_3,
          infiniplex_forest_clump_cross, infiniplex_forest_end_3,
          gammafunk_ghost_arena
Lair:3:   layout_small_grid, minmay_snake_entry_guardpost_medium, special_room
          [special_room_bee], columned_hall_lemuel, uniq_fannar
Lair:4:   layout_misc_corridors, elwin_shoals_entry_rocks,
          kennysheep_basilisk_garden, serial_bayou_shore_b, grunt_megastairs_1
Lair:5:   layout_cave_shapes, minmay_slime_entry_oklob_open
Lair:6:   cheibrodos_lair_end_hotspot, layout_hall_layers,
          hellmonk_guarded_unrand_zhor
Shoals:1: nicolae_shoals_lighthouse, layout_shoals, serial_shops, shop_statue
Shoals:2: layout_shoals, serial_shops, nicolae_square_shop, yaktaur_hedge
Shoals:3: layout_shoals, uniq_donald
Shoals:4: shoals_end_grunt_garden, layout_shoals, shoal_ilsuiw, serial_shops,
          shop, uniq_mlioglotl, uniq_polyphemus
Snake:1:  layout_chambers, portal_ice_cave_entry_horrid_things,
          grunt_ministairs_7
Snake:2:  layout_gridlike, uniq_azrael, uniq_louise, uniq_kirke
Snake:3:  layout_rooms, corexii_hall_statues_i, nicolae_snake_serpentine_bazaar
Snake:4:  snake_pit_salamanders_mu, layout_rooms, nicolae_snake_magic_snake_eye
Orc:1:    layout_caves, basic_altar, nicolae_orc_lava_room
Orc:2:    pubby_orc_utopia
Vaults:1: vaults_standard_mumra_lines, nicolae_vaults_mini_display_case,
          nicolae_vaults_specimen_jars, v_misc_1, v_misc_10, serial_ice_h,
          vaults_room_semicircle, nicolae_vaults_c_with_doors,
          hangedman_vaults_stitches, v_misc_5, vaults_dpeg_ring,
          nicolae_vaults_asterisk, nicolae_vaults_little_squares_6,
          layout_vaults_omnicross
Vaults:2: nicolae_vaults_little_ls, nicolae_vaults_ninety_degrees,
          hangedman_vaults_nails, nicolae_vaults_circle_grid_a,
          nicolae_vaults_network_star, minmay_crypt_entry_simple_round,
          nicolae_vaults_shelves_hall, v_misc_3, vaults_room_glass_cross,
          vaults_room_grid, grunt_vaults_hallway_short,
          nicolae_vaults_diagonal_hallway_8, vaults_room_pool,
          layout_vaults_maze_bifur, serial_shops, nicolae_square_shop,
          nicolae_diamond_shop, shop, uniq_mara, uniq_saint_roka
Vaults:3: mu_enter_wizlab_2, nicolae_vaults_ring_of_whatevers, v_misc_33,
          vaults_room_door_hall, v_misc_15, layout_vaults_omnigrid,
          serial_shops, bzr_entry_customers, uniq_nikola
Vaults:4: nicolae_vaults_diagonal_hallway_8, hangedman_vaults_cutoff,
          nicolae_vaults_little_squares_6, v_misc_22, v_rooms_3,
          hangedman_vaults_snaps, v_misc_9, vaults_mumra_hex, v_misc_17,
          vaults_mumra_minichess, vaults_dpeg_doors,
          hangedman_vaults_stretched_pinwheel, nicolae_vaults_circle_grid_a,
          layout_vaults_omnibox, uniq_boris
Vaults:5
Depths:1: grunt_deathspiral_small, layout_gridlike, enter_ziggurat_a,
          pf_dread_powers_of_hell, nemelex_xobeh_ov_fountains_minmay,
          serial_shops, shop, minmay_misc_feat_rows,
          hangedman_decor_diamond_cutter
Depths:2: minmay_tearing_corner, layout_basic, pan_entry, grunt_hell_horde,
          grunt_megastairs_4, minmay_staircase_statues
Depths:3: kennysheep_bubble_arena, layout_basic, pan_entry,
          pf_hell_entry_tar_spiral, nicolae_abyss_entry_one_way_or_another,
          evilmike_spriggan_trog_shrine
Depths:4: evilmike_zot_entry_basic, layout_honeycomb, ebering_ghost_xom,
          hell_entry, evilmike_butchery, minmay_shop_grove, uniq_enchantress

Skill      XL: |  1  2  3  4  5  6  7  8  9 10 11 12 13 14 15 16 17 18 19 20 21 22 23 24 |
---------------+-------------------------------------------------------------------------+-----
Transmutations | 1 2 |  2.0
Conjurations   | 1 2 3 6 7 8 10 12 15 16 17 | 17.0
Earth Magic    | 4 5 7 9 13 17 18 22 26 27 | 27.0
Evocations     | 1 2 3 4 5 6 8 9 10 | 10.0
Staves         | 1 2 3 5 9 12 | 12.0
Dodging        | 2 3 4 5 7 9 |  9.0
Stealth        | 3 6 8 9 10 | 10.0
Spellcasting   | 3 5 8 11 12 13 14 15 | 15.0
Fighting       | 3 6 7 9 |  9.0
Ice Magic      | 5 9 12 13 | 13.0
Summonings     | 4 |  4.0
Fire Magic     | 3 4 |  4.0
Armour         | 5 7 8 9 |  9.0
Maces & Flails | 7 10 11 | 11.9
Shields        | 1 4 |  4.0

Action                   |  1- 3 |  4- 6 |  7- 9 | 10-12 | 13-15 | 16-18 | 19-21 | 22-24 || total
-------------------------+-------+-------+-------+-------+-------+-------+-------+-------++-------
Melee: Club              |     6 |       |       |       |       |       |       |       ||     6
       Staff             |   128 |    99 |   118 |   209 |    68 |    58 |    28 |    71 ||   779
       Flail             |       |       |       |       |    11 |    17 |    73 |   304 ||   405
Throw: Stone             |       |     1 |     1 |       |       |       |       |       ||     2
       Throwing net      |       |     2 |       |       |       |       |       |       ||     2
 Cast: Sandblast         |    17 |    28 |    94 |    14 |     4 |     3 |       |       ||   160
       Searing Ray       |       |     2 |     8 |       |       |       |       |       ||    10
       Stone Arrow       |       |       |    58 |   261 |   654 |   471 |   213 |    39 ||  1696
       Foxfire           |       |       |    14 |       |       |     1 |       |       ||    15
       Hailstorm         |       |       |       |     3 |    50 |     3 |     3 |       ||    59
       Summon Ice Beast  |       |       |       |     2 |       |       |     1 |       ||     3
       Iskenderun's Batt |       |       |       |       |    38 |    27 |    28 |       ||    93
       Mephitic Cloud    |       |       |       |       |     1 |       |       |       ||     1
       Frozen Ramparts   |       |       |       |       |     1 |     3 |     1 |       ||     5
       Ozocubu's Refrige |       |       |       |       |    19 |   123 |   146 |    61 ||   349
       Fireball          |       |       |       |       |    13 |     5 |     3 |       ||    21
       Iron Shot         |       |       |       |       |       |   173 |   266 |   270 ||   709
       Lehudib's Crystal |       |       |       |       |       |       |    28 |    18 ||    46
       Freezing Cloud    |       |       |       |       |       |       |     2 |     4 ||     6
       Shatter           |       |       |       |       |       |       |       |     7 ||     7
Evoke: Lightning rod     |       |       |       |       |     3 |       |       |       ||     3
       Wand              |       |       |       |       |       |     6 |     8 |     1 ||    15
       Box of beasts     |       |       |       |       |       |       |     1 |       ||     1
  Use: Scroll            |     2 |     2 |     4 |     9 |     8 |    12 |    11 |     9 ||    57
       Potion            |       |     2 |     3 |     3 |     2 |     7 |       |     5 ||    22
 Stab: Sleeping          |     6 |     5 |     1 |       |       |       |       |       ||    12
       Held in net/web   |       |     1 |       |       |       |       |       |       ||     1
Armor: Robe              |    43 |    27 |    89 |    12 |       |       |       |       ||   171
       Steam dragon scal |       |       |       |   141 |   113 |       |       |       ||   254
       Animal skin       |       |       |       |       |    66 |   240 |   120 |   244 ||   670
Dodge: Dodged            |   122 |    73 |   148 |   170 |   226 |   350 |   168 |   259 ||  1516
Block: Buckler           |       |       |       |       |       |       |    56 |   224 ||   280
       Reflection        |       |       |       |       |       |       |    17 |     2 ||    19

Table legend: (Time is in decaauts)
 A = Elapsed time spent in this place.
 B = Non-inter-level travel time spent in this place.
 C = Inter-level travel time spent in this place.
 D = Time resting spent in this place.
 E = Time spent auto-exploring this place.
 F = Levels seen in this place.
 G = Mean time per level.
                   A        B        C        D        E       F      G
               +--------+--------+--------+--------+--------+-----+--------+
         Total |  71115 |  67060 |   4055 |  24994 |  27221 |  44 | 1616.2 |
       Dungeon |  23413 |  21982 |   1431 |   7009 |  11396 |  15 | 1560.9 |
          Lair |   7202 |   6655 |    547 |   1126 |   4354 |   6 | 1200.3 |
        Shoals |   8509 |   8340 |    169 |   3991 |   2373 |   4 | 2127.2 |
     Snake Pit |   5736 |   5232 |    504 |   1964 |   1994 |   4 | 1434.0 |
  Orcish Mines |   2931 |   2768 |    163 |    570 |   1554 |   2 | 1465.5 |
        Vaults |  10697 |   9683 |   1014 |   4609 |   1874 |   5 | 2139.4 |
        Depths |   8826 |   8603 |    223 |   3858 |   3222 |   4 | 2206.5 |
         Abyss |    319 |    319 |      0 |      0 |      0 |   1 |  319.0 |
        Bazaar |    216 |    216 |      0 |      0 |      0 |   1 |  216.0 |
      Ice Cave |   1678 |   1678 |      0 |    960 |    200 |   1 | 1678.0 |
        Wizlab |   1584 |   1584 |      0 |    907 |    254 |   1 | 1584.0 |
               +--------+--------+--------+--------+--------+-----+--------+

Top non-repeatable levels by time:
Vaults:1: 3713 daAuts
Shoals:3: 2804 daAuts
Vaults:4: 2694 daAuts
Depths:3: 2521 daAuts
Shoals:1: 2497 daAuts
Vaults:2: 2481 daAuts
Depths:2: 2417 daAuts
   Orc:2: 2313 daAuts
     D:3: 2217 daAuts
    D:13: 2165 daAuts
 Snake:4: 2109 daAuts
Depths:1: 1960 daAuts
Depths:4: 1927 daAuts
  Lair:6: 1898 daAuts
     D:9: 1851 daAuts
